 Dungeon Crawl Stone Soup version 0.30.0-29-ga12c61a403 (webtiles) character file.

Game seed: 15058992886817311900

895 Irreverend the Chiller (level 8, -7/41 HPs)
             Began as a Tengu Ice Elementalist on June 6, 2023.
             Was an Initiate of Vehumet.
             Mangled by Grinder (10 damage)
             ... while paralysed by Grinder
             ... on level 5 of the Dungeon.
             The game lasted 00:15:16 (5677 turns).

Irreverend the Chiller (Tengu Ice Elementalist)     Turns: 5677, Time: 00:15:16

Health: -7/41      AC:  2    Str: 10      XL:     8   Next: 6%
Magic:  12/27      EV:  2    Int: 23      God:    Vehumet [......]
Gold:   356        SH:  0    Dex: 12 (14) Spells: 9/19 levels left

rFire   . . .        (no weapon)
rCold   . . .        (no shield)
rNeg    . . .        a - +0 robe
rPois   .            (helmet restricted)
rElec   .            (no cloak)
rCorr   .            (no gloves)
SInv    .            (boots unavailable)
Will    .....        (no amulet)
Stlth   ++           f - +6 ring of intelligence
HPRegen 0.26/turn    c - ring of magical power
MPRegen 0.20/turn

%: no passive effects
@: paralysed, flying quickly and evasively, quick
A: beak, talons 3, nimble flight
a: Renounce Religion


You were on level 5 of the Dungeon.
You worshipped Vehumet.
Vehumet was noncommittal.
You visited 2 branches of the dungeon, and saw 6 of its levels.

You collected 356 gold pieces.

Inventory:

Missiles
 n - 2 throwing nets
Armour
 a - a +0 robe (worn)
 t - an orb of energy
Jewellery
 c - a ring of magical power (right hand)
 f - a +6 ring of intelligence (left hand)
 h - a ring of see invisible
Wands
 o - a wand of roots (9)
 u - a wand of paralysis (4)
Scrolls
 e - 2 scrolls of poison {unknown}
 i - a scroll of enchant armour
 j - 2 scrolls of vulnerability {unknown}
 k - a scroll of blinking
 p - a scroll of enchant weapon {unknown}
 s - 2 scrolls of brand weapon {unknown}
 v - a scroll of identify
Potions
 d - 2 potions of might
 g - 3 potions of curing
 l - 3 potions of degeneration
 m - a potion of haste
 q - 2 potions of brilliance
 r - a potion of attraction


   Skills:
 - Level 2.2 Dodging
 - Level 2.0 Stealth
 + Level 6.0 Spellcasting
 + Level 6.8 Ice Magic


You had 9 spell levels left.
You knew the following spells:

 Your Spells              Type           Power      Damage    Failure   Level
a - Freeze                Ice            100%       1d10      1%          1
b - Frozen Ramparts       Ice            76%        1d12      1%          3
c - Ozocubu's Armour      Ice            38%        N/A       1%          3
d - Hailstorm             Conj/Ice       22%        3d7       6%          3

Your spell library contained the following spells:

 Spells                   Type           Power      Damage    Failure   Level
 Cigotuvi's Dreadful Rot  Necr/Pois/Air  12%        N/A       13%         2
 Ice Form                 Ice/Tmut       22%        N/A       21%         4
 Summon Ice Beast         Ice/Summ       22%        N/A       21%         4
 Vhi's Electric Charge    Tloc/Air       12%        N/A       26%         3
 Simulacrum               Ice/Necr       11%        N/A       97%         6


Dungeon Overview and Level Annotations

Branches:
Dungeon (5/15)             Temple (1/1) D:4

Altars:
Elyvilon
Hepliaklqana
Kikubaaqudgha
Nemelex Xobeh
Okawaru
Qazlal
Ru
Sif Muna
Trog
Uskayaw
Vehumet
Wu Jian
Xom
Yredelemnul
Zin
The Shining One

Shops:
D:2 =

Annotations:
D:5 Grinder


Innate Abilities, Weirdness & Mutations

You have a beak for a mouth.
You have claws for feet.
Your magical nature lets you fly swiftly and evasively.


Message History

Casting: Hailstorm (dangerous; 6% risk of failure)
Press: ? - help, Dir - look around, f - activate A cannonade of hail descends around you!
The hail pelts Grinder!
Grinder partially resists.
Grinder is heavily wounded.
Casting: Hailstorm (dangerous; 6% risk of failure)
Confirm with . or Enter, or press ? or * to list all spells.
Casting: Hailstorm (dangerous; 6% risk of failure)
Press: ? - help, Dir - look around, f - activate A cannonade of hail descends around you!
The hail pelts Grinder!
Grinder partially resists.
Grinder is severely wounded.
Grinder is no longer paralysed.
There is a stone staircase leading down here.
Grinder gestures at you. Pain shoots through your body!
* * * LOW HITPOINT WARNING * * *
Casting: Hailstorm (dangerous; 6% risk of failure)
Confirm with . or Enter, or press ? or * to list all spells.
Casting: Hailstorm (dangerous; 6% risk of failure)
Press: ? - help, Dir - look around, f - activate
Okay, then.
Casting: Hailstorm (dangerous; 6% risk of failure)
Confirm with . or Enter, or press ? or * to list all spells.
Casting: Hailstorm (dangerous; 6% risk of failure)
Press: ? - help, Dir - look around, f - activate A cannonade of hail descends around you!
The hail misses Grinder.
Casting: Hailstorm (dangerous; 6% risk of failure)
Confirm with . or Enter, or press ? or * to list all spells.
Casting: Hailstorm (dangerous; 6% risk of failure)
Press: ? - help, Dir - look around, f - activate A cannonade of hail descends around you!
The hail misses Grinder.
Grinder blinks!
Grinder gestures at you.
You suddenly lose the ability to move!
Grinder hits you.
* * * LOW HITPOINT WARNING * * *
Grinder hits you!
You die...

##.................###.# #.#
##.....................###..#
...........#[....5...#..#..##
........#....#####.#........#
........##................#(#
##..........รท.<####...#..##
##.........##..####...#..#
#..........###...####....#
#..#+###+#.#####@........####.
#..# #...####5##.........:.
...# #.#.............#####.
#### #######..........# ##.+
#............. .(.#
...........##### ##.#
#########.... ##..## ###


You could see Grinder.

Vanquished Creatures
  Sigmund (D:4)
  An ice beast (D:5)
  An ogre (D:5)
  A phantom (D:4)
  A scorpion (D:4)
  An orc priest (D:4)
  A jelly (D:5)
  2 gnoll boudas
  Jessica (D:2)
  Ijyb (D:3)
  An iguana (D:4)
  9 gnolls
  7 adders
  2 white imps (D:5)
  4 worms
  2 dart slugs
  An orc (D:3)
  4 ball pythons
  3 endoplasms
  2 giant cockroaches
  A goblin (D:2)
  6 hobgoblins
  2 jackals (D:2)
  6 quokkas
  4 bats
  A frilled lizard (D:3)
  5 kobolds
  7 rats
78 creatures vanquished.

Notes
Turn   | Place    | Note
-------+----------+-------------------------------------------
     0 | D:1      | Irreverend the Tengu Ice Elementalist began the quest for
                  | the Orb.
     0 | D:1      | Reached XP level 1. HP: 10/10 MP: 4/4
   264 | D:1      | Reached XP level 2. HP: 12/15 MP: 0/6
   751 | D:2      | Noticed Jessica
   772 | D:2      | Killed Jessica
   773 | D:2      | Reached XP level 3. HP: 12/19 MP: 5/8
   808 | D:2      | Learned a level 3 spell: Frozen Ramparts
   812 | D:2      | Learned a level 3 spell: Ozocubu's Armour
   974 | D:2      | Reached XP level 4. HP: 24/24 MP: 4/9
  1068 | D:2      | Found Gigumafu's Jewellery Shoppe.
  1737 | D:3      | Found a glowing golden altar of the Shining One.
  1742 | D:3      | Noticed Ijyb
  2037 | D:3      | Found a bloodstained altar of Trog.
  2360 | D:3      | Gained mutation: Your magical nature lets you fly swiftly
                  | and evasively. [Tengu growth]
  2360 | D:3      | Reached XP level 5. HP: 16/28 MP: 2/11
  2471 | D:3      | Killed Ijyb
  2472 | D:3      | Reached skill level 5 in Ice Magic
  3493 | D:4      | Noticed a phantom
  3517 | D:4      | HP: 1/28 [phantom (3)]
  3525 | D:4      | HP: 1/28 [phantom (1)]
  3534 | D:4      | Killed a phantom
  3535 | D:4      | Reached XP level 6. HP: 3/32 MP: 0/13
  4089 | D:4      | Noticed Sigmund
  4105 | D:4      | Learned a level 3 spell: Hailstorm
  4128 | D:4      | Found a shimmering blue altar of Sif Muna.
  4141 | D:4      | Killed Sigmund
  4142 | D:4      | Reached skill level 5 in Spellcasting
  4142 | D:4      | Reached XP level 7. HP: 29/36 MP: 0/15
  4621 | D:4      | Found a staircase to the Ecumenical Temple.
  4655 | Temple   | Entered the Ecumenical Temple
  4828 | Temple   | Became a worshipper of Vehumet
  4878 | D:4      | Got the Tractate on Turbulence
  4908 | D:5      | Entered Level 5 of the Dungeon
  4914 | D:5      | Found a shimmering altar of Xom.
  5562 | D:5      | Noticed Grinder
  5638 | D:5      | Reached XP level 8. HP: 41/41 MP: 11/18
  5674 | D:5      | Paralysed by Grinder for 4 turns
  5677 | D:5      | Mangled by Grinder

Illustrated notes

Levels and vault maps discovered:
D:1:      minmay_arrival_solitary_statue, layout_rooms
D:2:      layout_basic, serial_shops, nicolae_shop_stone, uniq_jessica
D:3:      layout_loops_corners, bloody_trog, mainiacjoe_overflow_catwalk,
          uniq_ijyb
D:4:      layout_loops_corners, amcnicky_altar_gilded,
          minmay_temple_entry_proselytizer, uniq_sigmund
D:5:      minmay_spotlight, layout_rooms, lemuel_crystal_altar,
          mainiacjoe_overflow_six_doors_small, serial_shops,
          kennysheep_mini_moat, uniq_grinder
Temple:   nicolae_temple_hex_pool

Skill      XL: |  1  2  3  4  5  6  7 |
---------------+----------------------+-----
Ice Magic      | 4 5 6 |  6.8
Spellcasting   | 3 4 5 6 |  6.0
Dodging        | |  2.2
Stealth        | |  2.0

Action                     |  1- 3 |  4- 6 |  7- 9 || total
---------------------------+-------+-------+-------++-------
  Melee: Unarmed           |     1 |    32 |    11 ||    44
         Kick              |     1 |     9 |     8 ||    18
         Peck              |       |     4 |       ||     4
   Cast: Freeze            |    24 |    43 |    21 ||    88
         Frozen Ramparts   |     3 |    18 |    11 ||    32
         Ozocubu's Armour  |     1 |    10 |     6 ||    17
         Hailstorm         |       |       |    22 ||    22
  Evoke: Wand              |       |       |     4 ||     4
    Use: Potion            |       |     3 |     2 ||     5
         Scroll            |       |     6 |       ||     6
 Armour: Robe              |     3 |     8 |     9 ||    20
  Dodge: Dodged            |    11 |    31 |    24 ||    66
